 Dungeon Crawl Stone Soup version 0.26-a0-661-g406de6ba63 (webtiles) character file.

Game seed: 9650419680646787060

3231 MrRokkomies the Fighter (level 9, -12/77 HPs)
             Began as a Demonspawn Gladiator on Oct 9, 2020.
             Was an Elder of Dithmenos.
             Mangled by a two-headed ogre
             ... wielding a +0 giant club
              (30 damage)
             ... on level 8 of the Dungeon.
             The game lasted 00:11:07 (8226 turns).

MrRokkomies the Fighter (Demonspawn Gladiator)      Turns: 8226, Time: 00:11:07

Health: -12/77     AC: 15    Str: 15    XL:     9   Next: 66%
Magic:  9/9        EV: 12    Int: 18    God:    Dithmenos [****..]
Gold:   310        SH:  0    Dex: 15    Spells: 8/8 levels left

rFire    + . .     SeeInvis .   a - +2 quarterstaff (chaos)
rCold    . . .     Faith    +   (shield currently unavailable)
rNeg     . . .     Spirit   .   g - +0 chain mail
rPois    .         Reflect  .   (helmet restricted)
rElec    .         Harm     .   v - +2 cloak
rCorr    .         Rampage  .   y - +1 pair of gloves
MR       .....                  l - +1 pair of boots
Stlth    ..........             r - amulet of faith
HPRegen  0.22/turn              j - ring of protection from fire
MPRegen  0.11/turn              o - +6 ring of intelligence

@: wreathed by umbra
A: horns 1, repulsion field 1, foul stench 1, powered by pain 1, rot immunity
a: Shadow Step, Renounce Religion


You were on level 8 of the Dungeon.
You worshipped Dithmenos.
Dithmenos was greatly pleased with you.
You visited 1 branch of the dungeon, and saw 8 of its levels.

You collected 343 gold pieces.
You spent 33 gold pieces at shops.

Inventory:

Hand Weapons
 a - a +2 quarterstaff of chaos (weapon)
 b - a +0 shortbow
 i - a +0 dagger of venom
 u - a +0 long sword
Missiles
 d - 3 throwing nets
 e - 34 bolts
 x - a silver javelin (quivered)
 B - 46 arrows
Armour
 c - a +0 helmet
 g - a +0 chain mail (worn)
 l - a +1 pair of boots (worn)
 v - a +2 cloak (worn)
 y - a +1 pair of gloves (worn)
Jewellery
 j - a ring of protection from fire (left hand)
 o - a +6 ring of intelligence (right hand)
 r - an amulet of faith (around neck)
 A - an uncursed ring of fire
Wands
 F - a wand of disintegration (4)
Scrolls
 m - 6 scrolls of identify
 q - 2 scrolls of fog
 w - a scroll of magic mapping
 z - a scroll of immolation
 C - a scroll of enchant weapon {unknown}
 G - a scroll of teleportation
Potions
 f - 2 potions of cancellation
 h - a potion of haste {unknown}
 k - 4 potions of heal wounds
 n - a potion of degeneration {unknown}
 p - 2 potions of invisibility {unknown}
 s - 3 potions of might {unknown}
 t - a potion of flight {unknown}
 D - a potion of lignification {unknown}
 E - 3 potions of brilliance {unknown}


   Skills:
 * Level 9.6 Fighting
 - Level 4.2 Long Blades
 - Level 1.7 Throwing
 * Level 9.0 Dodging


You had 8 spell levels left.
You didn't know any spells.
Your spell library was empty.

Dungeon Overview and Level Annotations

Branches:
Dungeon (8/15)             Temple (0/1) D:5
   Lair: D:8-11

Altars:
Ashenzari
Dithmenos
Elyvilon
Fedhas
Hepliaklqana
Okawaru
Qazlal
Sif Muna
Trog
Xom
Yredelemnul

Shops:
D:5 ?   D:8 !


Innate Abilities, Weirdness & Mutations

You have a pair of small horns on your head.
You are surrounded by a mild repulsion field. (EV +2)
You may emit foul miasma when damaged in melee.
You sometimes gain a little power by taking damage.
You are immune to rotting.


Message History

The two-headed ogre is heavily wounded.
The two-headed ogre barely misses you.
The two-headed ogre hits you with a +0 giant club!
You sock the two-headed ogre!
The two-headed ogre seems to grow stronger.
Your headbutt misses the two-headed ogre.
The two-headed ogre is severely wounded.
Your shadow hits the two-headed ogre with a quarterstaff.
The two-headed ogre hits you with a +0 giant club!!
* * * LOW HITPOINT WARNING * * *
The two-headed ogre closely misses you.
The two-headed ogre looks more healthy.
Found Luesem's Distillery.
Evoke which item? (* to show all) (? for menu, Esc to quit)
Aiming: Disintegrate
Press: ? - help, Shift-Dir - straight line, f - two-headed ogre
Aim: a two-headed ogre, wielding two +0 giant clubs (severely wounded, strong, umbra, chance to defeat MR: 48%)
The two-headed ogre resists with some effort.
The two-headed ogre hits you with a +0 giant club!!
You die...

#...## #. ##...# #.. #
##...†# ###<.# ..
###.....####...# ...
##.............#
....###..............#
8.8.8...............##
.⌠.⌠................#
8.\.8..@O...........#
.⌠.⌠................#
8.8.8.......(.##....#
#....###....#####...#
#..## ###### ##..# ..
#..# . #..# #..# #..#


You could see a two-headed ogre (strong).

Vanquished Creatures
  Prince Ribbit (D:8)
  A tarantella (shapeshifter) (D:6)
  3 orc warriors
  3 ice beasts
  2 sky beasts
  A black bear (D:8)
  A necrophage (D:6)
  An ogre (D:5)
  3 centaurs
  A big kobold (D:7)
  5 bullfrogs
  6 killer bees (D:7)
  A howler monkey (D:7)
  3 wights (D:7)
  Crazy Yiuf (D:3)
  2 jellies
  5 orc priests
  2 bullfrog skeletons (D:7)
  2 hounds
  7 orc wizards
  2 iguanas (D:6)
  A worker ant (D:5)
  7 adders
  3 gnolls (D:7)
  A white imp (D:4)
  3 ufetubi
  An ooze (D:2)
  2 adder skeletons (D:5)
  A worm (D:5)
  A dart slug (D:1)
  4 leopard geckos
  19 orcs
  3 ball pythons
  4 giant cockroaches
  6 goblins
  4 hobgoblins
  4 jackals (D:2)
  10 kobolds
  4 quokkas
  A ball python skeleton (D:4)
  7 bats
  3 frilled lizards
  A jackal skeleton (D:5)
  A leopard gecko zombie (D:5)
  4 rats
148 creatures vanquished.

Notes
Turn   | Place    | Note
-------+----------+-------------------------------------------
     0 | D:1      | MrRokkomies the Demonspawn Gladiator began the quest for
                  | the Orb.
     0 | D:1      | Reached XP level 1. HP: 16/16 MP: 1/1
   199 | D:1      | Gained mutation: You have a pair of small horns on your
                  | head. [demonic ancestry]
   199 | D:1      | Reached XP level 2. HP: 22/22 MP: 2/2
   800 | D:2      | Found a faded altar of an unknown god.
   810 | D:2      | Became a worshipper of Dithmenos the Shadowed
   810 | D:2      | Reached * piety under Dithmenos
   899 | D:2      | Gained mutation: You are surrounded by a mild repulsion
                  | field. (EV +2) [demonic ancestry]
   899 | D:2      | Reached XP level 3. HP: 28/28 MP: 3/3
  1327 | D:2      | Found a shimmering blue altar of Sif Muna.
  1327 | D:2      | Found a blossoming altar of Fedhas.
  1761 | D:3      | Reached XP level 4. HP: 32/35 MP: 4/4
  1762 | D:3      | Noticed a bullfrog
  1777 | D:3      | Killed a bullfrog
  1780 | D:3      | Gained mutation: You sometimes gain a little power by
                  | taking damage. [demonic ancestry]
  1780 | D:3      | Reached XP level 5. HP: 20/41 MP: 5/5
  1786 | D:3      | Reached ** piety under Dithmenos
  2274 | D:3      | Found a broken altar of Ashenzari.
  2425 | D:3      | Found a shimmering altar of Xom.
  2425 | D:3      | Found a shimmering altar of Xom.
  2427 | D:3      | Found a shimmering altar of Xom.
  2427 | D:3      | Found a shimmering altar of Xom.
  2433 | D:3      | Found a shimmering altar of Xom.
  2551 | D:3      | Found a runed translucent door.
  2552 | D:3      | Noticed Crazy Yiuf
  2568 | D:3      | Killed Crazy Yiuf
  2712 | D:4      | Found a white marble altar of Elyvilon.
  2796 | D:4      | Found a basalt altar of Yredelemnul.
  2845 | D:4      | You fall into a shaft and drop 1 floor!
  2845 | D:5      | Entered Level 5 of the Dungeon
  2927 | D:4      | Reached XP level 6. HP: 45/48 MP: 6/6
  2991 | D:4      | Found a hazy altar of Hepliaklqana.
  3371 | D:5      | Found Xicyx's Magic Scroll Boutique.
  3376 | D:5      | Bought a scroll of remove curse for 33 gold pieces
  3382 | D:5      | Noticed an ice beast
  3389 | D:5      | Killed an ice beast
  3394 | D:5      | Noticed an ice beast
  3399 | D:5      | Killed an ice beast
  3399 | D:5      | Reached skill level 5 in Dodging
  3744 | D:5      | Reached skill level 5 in Fighting
  3744 | D:5      | Gained mutation: You are immune to rotting. [demonic
                  | ancestry]
  3744 | D:5      | Reached XP level 7. HP: 56/56 MP: 7/7
  3785 | D:5      | Found an iron altar of Okawaru.
  3845 | D:5      | Found a staircase to the Ecumenical Temple.
  4233 | D:5      | Reached *** piety under Dithmenos
  4575 | D:5      | Found an iron altar of Okawaru.
  5118 | D:6      | Reached XP level 8. HP: 65/65 MP: 8/8
  5726 | D:6      | Noticed a shapeshifter
  5726 | D:6      | a scorpion changed into a shapeshifter
  5726 | D:6      | Noticed a polar bear
  5726 | D:6      | a shapeshifter changed into a polar bear
  5793 | D:6      | a polar bear changed into a tarantella
  6162 | D:6      | Found a bloodstained altar of Trog.
  6698 | D:7      | Gained mutation: You may emit foul miasma when damaged in
                  | melee. [demonic ancestry]
  6698 | D:7      | Reached XP level 9. HP: 64/74 MP: 9/9
  6713 | D:7      | Reached **** piety under Dithmenos
  7614 | D:8      | Found a stormy altar of Qazlal.
  7739 | D:8      | Noticed Prince Ribbit
  8030 | D:8      | Killed Prince Ribbit
  8206 | D:8      | Noticed a two-headed ogre
  8223 | D:8      | Found Luesem's Distillery.
  8226 | D:8      | Mangled by a two-headed ogre

Illustrated notes

Levels and vault maps discovered:
D:1:      minmay_arrival_checkered_box, layout_rooms,
          minmay_misc_feat_nine_boxes
D:2:      layout_loops_ring, gammafunk_temple_overflow_elements,
          chequers_ecumenical_altar_island
D:3:      layout_rooms, cheibrodos_ashenzari_chains, xom_redecorated,
          uniq_crazy_yiuf_cottage
D:4:      layout_basic, lemuel_round_altar, kennysheep_little_box,
          elyvilon_altar_5
D:5:      layout_basic, lemuel_doored_altar,
          minmay_temple_entry_statues_pillars, serial_shops, shop,
          serial_co_window_serial, co_window_corner_a,
          co_window_of_opportunity_a, co_window_paths_a, co_window_corner_a,
          co_window_paths_a, co_window_broadway_a, co_window_of_opportunity_b,
          co_window_cross_2, co_window_4corner_b, glass_columns_a,
          kennysheep_okawaru_gauntlet
D:6:      layout_basic, trog_three_pillars_becter
D:7:      layout_basic
D:8:      layout_layer_cave, lemuel_crystal_altar, serial_shops,
          nicolae_shop_temple_entry_statues_fountains, uniq_prince_ribbit1

Skill      XL: |  1  2  3  4  5  6  7  8  9 |
---------------+----------------------------+-----
Dodging        | 3 4 5 6 7 9 |  9.0
Long Blades    | 3 4 |  4.2
Fighting       | 3 4 5 6 8 9 |  9.6
Throwing       | |  1.7

Action                   |  1- 3 |  4- 6 |  7- 9 || total
-------------------------+-------+-------+-------++-------
Melee: Long sword        |    32 |       |     7 ||    39
       Dagger            |    60 |    86 |       ||   146
       Headbutt          |    13 |    18 |    53 ||    84
       Staff             |    10 |       |       ||    10
       Quarterstaff      |       |    36 |   303 ||   339
 Fire: Shortbow          |       |       |    11 ||    11
Throw: Javelin           |       |       |     4 ||     4
Evoke: Wand              |       |       |     1 ||     1
  Use: Scroll            |     7 |     3 |     1 ||    11
       Potion            |       |       |     6 ||     6
 Stab: Confused          |       |     1 |       ||     1
       Petrifying        |       |       |     1 ||     1
       Petrified         |       |       |     1 ||     1
Armor: Leather armour    |     3 |       |       ||     3
       Scale mail        |    37 |    44 |    57 ||   138
       Chain mail        |       |       |   107 ||   107
Dodge: Dodged            |    58 |   111 |   325 ||   494
       Rpst.: Long sword |     7 |       |     5 ||    12

Table legend: (Time is in decaauts)
 A = Elapsed time spent in this place.
 B = Non-inter-level travel time spent in this place.
 C = Inter-level travel time spent in this place.
 D = Time resting spent in this place.
 E = Time spent auto-exploring this place.
 F = Levels seen in this place.
 G = Mean time per level.
                   A        B        C        D        E       F      G
               +--------+--------+--------+--------+--------+-----+--------+
         Total |   8328 |   8040 |    288 |    274 |   6389 |   8 | 1041.0 |
       Dungeon |   8328 |   8040 |    288 |    274 |   6389 |   8 | 1041.0 |
               +--------+--------+--------+--------+--------+-----+--------+

Top non-repeatable levels by time:
     D:6: 1741 daAuts
     D:7: 1478 daAuts
     D:5: 1463 daAuts
     D:3: 1041 daAuts
     D:2: 852 daAuts
     D:1: 800 daAuts
     D:4: 590 daAuts
     D:8: 360 daAuts
